AoeStats
← silence

Arabia

504991820Analyzed
4v4 RM · 25d ago on Sep 7, 2026· 42m 33s· 8 players
Game mode
Random Map
Map size
Large (8 player)
Population
200
Speed
Normal
Resources
Standard
Victory
Conquest
Starting age
Dark Age
Ending age
Imperial Age
RankedLock teamsTeams togetherTeam positionsShared explorationLock speedFull tech treeHidden civsTurbo modeCheats
Victory
Defeat
🇨🇳 Magyars · China
1385
+21
1379
+10
🇨🇳 Portuguese · China
1346
+11
🇨🇳 Khmer · China
1172
+19
🇨🇳 Berbers · China
1268
-14
🇩🇪 Franks · Germany
1252
-13
🇯🇵 Japanese · Japan
1238
-12
🇵🇹 Burgundians · Portugal
1208
-11
Skipper
7:55 Loom
10:07 Feudal Age
13:34 Double-Bit Axe
16:04 Castle Age
17:09 Bow Saw
24:07 Wheelbarrow
30:19 Scale Barding Armor
30:24 Forging
32:29 Town Watch
33:00 Hand Cart
35:19 Gold Mining
38:04 Imperial Age
36:34 Iron Casting
36:38 Town Watch
37:19 Chain Barding Armor
38:55 Gold Shaft Mining
38:38 Husbandry
38:13 Cavalier
41:08 Blast Furnace
KRATOS | GOD OF WAR
11:59 Feudal Age
11:30 Double-Bit Axe
11:35 Horse Collar
19:11 Castle Age
17:59 Bow Saw
18:17 Loom
23:52 Scale Barding Armor
27:17 Wheelbarrow
27:34 Gold Mining
28:18 Husbandry
27:43 Cavalier
28:26 Heavy Plow
29:06 Gold Shaft Mining
29:24 Scale Mail Armor
29:35 Forging
31:46 Stone Mining
33:19 Chain Barding Armor
33:15 Chain Mail Armor
33:36 Iron Casting
40:04 Imperial Age
38:14 Hand Cart
38:39 Stone Shaft Mining
Lumberjack
9:28 Feudal Age
9:57 Loom
9:59 Double-Bit Axe
10:26 Horse Collar
13:51 Scale Barding Armor
19:32 Wheelbarrow
21:46 Castle Age
19:45 Gold Mining
20:55 Bloodlines
20:58 Forging
23:46 Iron Casting
26:13 Chain Barding Armor
33:54 Hand Cart
41:32 Fletching
hirai
8:53 Feudal Age
8:59 Man-at-Arms
9:41 Double-Bit Axe
11:22 Loom
11:51 Horse Collar
15:30 Wheelbarrow
18:31 Fletching
20:06 Padded Archer Armor
24:40 Castle Age
25:14 Crossbowman
26:16 Bow Saw
26:06 Bodkin Arrow
27:01 Heavy Plow
27:35 Hand Cart
28:14 Gold Mining
28:53 Thumb Ring
29:12 Ballistics
29:15 Town Watch
38:36 Husbandry
39:28 Bloodlines
39:52 Pikeman
超级地球の守护者
2:14 Loom
9:01 Feudal Age
15:41 Fletching
20:23 Double-Bit Axe
20:51 Horse Collar
26:30 Castle Age
25:56 Padded Archer Armor
26:38 Crossbowman
32:18 Bodkin Arrow
40:11 Gold Mining
silence
6:26 Loom
8:44 Feudal Age
9:30 Double-Bit Axe
9:58 Horse Collar
16:03 Gold Mining
18:40 Castle Age
17:36 Scale Barding Armor
18:00 Bloodlines
19:51 Chain Barding Armor
22:09 Husbandry
28:16 Bow Saw
28:14 Heavy Plow
29:16 Wheelbarrow
30:36 Hand Cart
30:22 Town Watch
35:43 Imperial Age
33:28 Corvinian Army
34:26 Gold Shaft Mining
33:41 Stone Mining
37:00 Plate Barding Armor
36:52 Conscription
36:33 Elite Magyar Huszar
41:23 Fletching
41:41 Siege Engineers
41:47 Masonry
41:59 Ballistics
41:20 Treadmill Crane
41:53 Masonry
42:04 Ballistics
偷猪的简笔
4:41 Loom
11:45 Feudal Age
15:39 Castle Age
14:43 Double-Bit Axe
23:38 Bow Saw
30:46 Wheelbarrow
32:05 Ballistics
31:41 Fletching
34:54 Bodkin Arrow
38:28 Imperial Age
37:14 Padded Archer Armor
37:40 Crossbowman
38:49 Gold Mining
39:34 Bracer
40:59 Chemistry
41:14 Arbalester
42:39 Thumb Ring
The_Centaur
9:05 Feudal Age
12:15 Scale Barding Armor
16:49 Forging
17:54 Bloodlines
20:38 Horse Collar
22:52 Wheelbarrow
23:31 Double-Bit Axe
28:56 Castle Age
29:02 Gold Mining
29:26 Loom
29:59 Husbandry
29:20 Light Cavalry
30:38 Chain Barding Armor
30:53 Iron Casting
36:09 Heavy Plow
38:11 Bow Saw
38:50 Gold Shaft Mining
Connection lost

Rejoining the realm…

Still unreachable

The connection could not be restored.

Session expired

The server has moved on; the page needs a fresh start.